 Dungeon Crawl Stone Soup version 0.31.0-11-ge490571c62 (webtiles) character file.

Game seed: 15671704488650612116

133450 jasper the Executioner (level 16, -3/155 HPs)
             Began as a Minotaur Berserker on Jan 29, 2024.
             Was the Champion of Trog.
             Slain by Asterion
             ... wielding a +2 spectral demon trident
              (17 damage)
             ... on level 2 of the Spider Nest.
             The game lasted 00:43:40 (28150 turns).

jasper the Executioner (Minotaur Berserker)        Turns: 28150, Time: 00:43:40

Health: -3/155     AC: 32    Str: 26    XL:     16   Next: 59%
Magic:  24/24      EV:  9    Int: 11    God:    Trog [******]
Gold:   3013       SH:  0    Dex: 17    Spells: 15/15 levels left

rFire   . . .        V - +2 executioner's axe (flame)
rCold   . . .        (shield currently unavailable)
rNeg    . . .        D - +3 crystal plate armour
rPois   +            (helmet restricted)
rElec   .            K - +1 cloak {Will+}
rCorr   +            O - +0 pair of gloves
SInv    .            (no boots)
Will    +++++        (no amulet) Stlth
                     Q - ring "Atiul" {Will+ rCorr MP+9 Int+7 Dex+3}
HPRegen 1.45/turn    v - ring of poison resistance
MPRegen 0.19/turn

%: no passive effects
@: lethally poisoned (-3 -> -6), about to teleport, strong-willed, very slightly
contaminated, regenerating, slowed, very slow
A: horns 2, retaliatory headbutt, passive freeze
a: Renounce Religion, Berserk, Trog's Hand, Brothers in Arms


You were on level 2 of the Spider Nest.
You worshipped Trog.
Trog was exalted by your worship.
You visited 4 branches of the dungeon, and saw 24 of its levels.
You also visited: Bailey.

You collected 3789 gold pieces.
You spent 776 gold pieces at shops.

Inventory:

Hand Weapons
 g - a +0 executioner's axe of freezing
 I - the +9 arbalest "Ifrietuf" {drain, *Corrode rN+ Will+ Int+4}
   (You found it on level 1 of the Spider Nest)

   Int+4:     It affects your intelligence (+4).
   rN+:       It protects you from negative energy.
   Will+:     It increases your willpower.
   *Corrode:  It may corrode you when you take damage.
 J - a +3 antimagic battleaxe
 V - a +2 executioner's axe of flaming (weapon)
Missiles
 f - 202 stones (quivered)
 U - 20 boomerangs
Armour
 D - a +3 crystal plate armour (worn)
 K - a +1 cloak of willpower (worn)
 O - a +0 pair of gloves (worn)
Jewellery
 b - a ring of ice
 m - a ring of protection from fire
 v - a ring of poison resistance (right hand)
 w - a ring of flight
 A - a +4 ring of protection
 M - a ring of fire
 Q - the ring "Atiul" (left hand) {Will+ rCorr MP+9 Int+7 Dex+3}
   (You found it on level 1 of the Lair of Beasts)

   [ring of magical power]

   Int+7:     It affects your intelligence (+7).
   Dex+3:     It affects your dexterity (+3).
   Will+:     It increases your willpower.
   MP+9:      It affects your magic capacity (+9).
   rCorr:     It protects you from acid and corrosion.
 X - a ring of protection from cold
 Z - a ring of protection from fire
Wands
 t - a wand of light (9)
 F - a wand of charming (17)
 G - a wand of mindburst (26)
 H - a wand of digging (20)
 R - a wand of roots (3)
 T - a wand of polymorph (3)
Scrolls
 a - a scroll of revelation
 c - 3 scrolls of noise
 e - a scroll of immolation
 l - 8 scrolls of teleportation
 o - a scroll of blinking
 p - 4 scrolls of fog
 q - 6 scrolls of silence
 u - 4 scrolls of identify
 z - 6 scrolls of vulnerability
 P - 2 scrolls of butterflies
Potions
 d - a potion of might
 i - 3 potions of resistance
 j - 2 potions of degeneration
 k - 2 potions of mutation
 n - 4 potions of invisibility
 r - 2 potions of brilliance
 s - 3 potions of haste
 x - 2 potions of berserk rage
 C - 6 potions of lignification
 E - 2 potions of magic
 L - 8 potions of curing
 N - a potion of ambrosia
 W - a potion of cancellation
Miscellaneous
 B - a lightning rod (inert)


   Skills:
 * Level 17.5 Fighting
 - Level 24.0 Axes
 * Level 17.5 Armour
 + Level 6.6 Dodging
 - Level 5.0 Shields
 - Level 5.0 Evocations


You had 15 spell levels left.
You didn't know any spells.
Your spell library was empty.

Dungeon Overview and Level Annotations

Branches:
Dungeon (15/15)            Temple (0/1) D:5            Lair (5/5) D:8
 Shoals (0/4) Lair:2       Spider (1/4) Lair:2        Slime (0/5) Lair:5
    Orc (2/2) D:12            Elf (0/3) Orc:2        Vaults (0/5) D:13
 Depths (0/4) D:15         Bailey (visited)

Altars:
Cheibriados
Gozag
Kikubaaqudgha
Okawaru
Qazlal
Uskayaw
Wu Jian
Zin
Jiyva
Lugonu

Shops:
D:2 ?   D:7 (   D:9 *   D:12 *   Orc:2 !(:[

Portals:
Abyss: Lair:5

Annotations:
D:7 2 transporters, Zeo's ghost, amateur MiHu
Spider:2 Asterion


Innate Abilities, Weirdness & Mutations

You have a pair of horns on your head.
You reflexively headbutt those who attack you in melee.
A frigid envelope surrounds you and freezes all who hurt you.


Message History

The tarantella's many legs skitter faintly.
You hear a faint skittering sound.
The wolf spider hits you.
* * * LOW HITPOINT WARNING * * *
The wolf spider bites you but does no damage.
The wolf spider is very cold.
The wolf spider is moderately wounded.
A tarantella comes into view.
Asterion bellows, "My home has fourteen doors!"
The wolf spider barely misses you.
The wolf spider bites you but does no damage.
The wolf spider is very cold.
The wolf spider is moderately wounded.
Unknown command.
Unknown command.
Unknown command.
Unknown command.
Unknown command.
As you read the scroll of fear, it crumbles to dust.
You assume a fearsome visage.
Asterion resists with almost no effort.
The culicivora looks frightened!
The tarantella looks frightened!
The blizzard demon resists with some effort.
The wolf spider looks frightened!
The redback looks frightened! x2
You feel very sick.
Unknown command.
Unknown command.
Unknown command.
Unknown command.
As you read the scroll of teleportation, it crumbles to dust.
You feel strangely unstable.
You feel very sick.
Being near the torpor snail leaves you feeling lethargic.
The blizzard demon hits you.
* * * LOW HITPOINT WARNING * * *
The blizzard demon resists.
The blizzard demon is very cold.
The blizzard demon is lightly wounded.
The blizzard demon closely misses you.
Asterion hits you from afar with a +2 spectral demon trident!
You die...
Asterion bellows, "I am king!
All will kneel!"

#.### ^. ###.†.#
. ^.s.####.H..##.
#...s..s#.###.###
s#.#w.#^†#.##...#
#...##...s)..#
#.. ?.#H.....# ..
#..#.2.###..^ ..
#....@.^....# .
.....##.###....
##.. ### . ..


You could see Asterion (fast), a blizzard demon (summoned), a torpor snail, a
wolf spider (fleeing), a culicivora and a redback (fleeing).

Vanquished Creatures
  Jorgrun (D:15)
  A storm dragon (D:12)
  An emperor scorpion (Spider:1)
  2 ghost moths (Spider:1)
  An orc warlord (Orc:2)
  A broodmother (Spider:1)
  Nessos (Lair:4)
  Snorg (Orc:1)
  4 entropy weavers
  Josephine (Lair:4)
  6 hydras
  2 rakshasas (D:15)
  The ghost of MollyMolluskus the Martial Artist, a journeyman OpFi of Wu Jian (D:12)
  A jorogumo (Spider:1)
  2 boulder beetles
  2 radroaches (Spider:2)
  6 ogre magi
  4 centaur warriors
  A catoblepas (Lair:1)
  Urug (Lair:5)
  5 occultists
  6 death yaks (Lair:3)
  26 two-headed ogres
  2 demonic crawlers (Spider:1)
  4 thrashing horrors (Lair:5)
  A skyshark (Lair:2)
  A skeletal warrior (D:12)
  A pharaoh ant (Spider:1)
  3 arcanists (D:13)
  2 large abominations (Lair:5)
  2 sun moths (Spider:1)
  4 orb spiders
  A necromancer (D:15)
  A steelbarb worm (Spider:1)
  Pikel (D:4)
  A harpy (Lair:2)
  A phantasmal warrior (D:12)
  2 orc knights (D:15)
  2 deep elf pyromancers
  3 wolf spiders
  An orc sorcerer (Orc:1)
  15 ugly things
  Maurice (D:9)
  6 elephants (Lair:5)
  A moth of wrath (Spider:1)
  4 manticores
  2 cyclopes (D:13)
  2 black mambas (shapeshifter) (Lair:5)
  5 black mambas
  A kobold blastminer (Orc:2)
  Joseph (D:10)
  2 smoke demons (Lair:5)
  2 centaur skeletons (D:15)
  13 cane toads
  An unseen horror (D:8)
  3 rime drakes
  4 gargoyles
  13 komodo dragons
  2 tengu conjurers (D:15)
  7 tarantellas (Spider:1)
  A hornet (D:11)
  A polar bear (shapeshifter) (D:13)
  6 polar bears
  8 trolls
  A wolf spider simulacrum (D:15)
  A harpy skeleton (D:15)
  30 blink frogs
  7 dream sheep (Lair:2)
  4 raiju (Lair:5)
  A centaur simulacrum (D:12)
  A shadow (D:12)
  10 jumping spiders (Spider:1)
  4 slime creatures (D:14)
  9 culicivoras (Spider:1)
  A vampire (D:11)
  12 wraiths
  Sigmund (D:5)
  5 wyverns
  A water elemental (D:13)
  2 wargs (Orc:2)
  19 yaks
  A basilisk (shapeshifter) (Lair:5)
  A steam dragon (D:6)
  5 basilisks
  30 redbacks
  Grum (Lair:1)
  10 vampire mosquitoes
  A chaos spawn (Lair:5)
  4 acid dragons
  11 water moccasins
  A meliai simulacrum (D:15)
  29 orc warriors
  2 ice beasts (D:7)
  29 ogres
  4 black bears
  20 wolves
  14 centaurs
  2 lemures
  A phantom (D:6)
  2 kobold brigands
  23 bullfrogs
  A gnoll sergeant (D:9)
  11 small abominations (Lair:5)
  5 scorpions
  12 wights
  15 killer bees (D:11)
  8 electric eels
  3 howler monkeys
  A hound (D:6)
  A bombardier beetle (D:9)
  2 jellies
  19 orc priests
  2 sleepcaps
  2 gnoll boudas
  25 orc wizards
  Ijyb (D:5)
  5 iguanas
  13 gnolls
  6 adders
  2 white imps (D:6)
  106 orcs
  4 ball pythons
  3 bats
  11 endoplasms
  5 giant cockroaches
  6 goblins
  8 hobgoblins
  A quokka (D:4)
  A frilled lizard (D:2)
  33 kobolds
  A rat (D:2)
824 creatures vanquished.

Notes
Turn   | Place    | Note
-------+----------+-------------------------------------------
     0 | D:1      | jasper the Minotaur Berserker began the quest for the Orb.
     0 | D:1      | Reached XP level 1. HP: 19/19 MP: 0/0
   163 | D:1      | Reached skill level 4 in Axes
   314 | D:1      | Reached XP level 2. HP: 26/26 MP: 1/1
   635 | D:1      | Found a faded altar of an unknown god.
  1474 | D:2      | Reached skill level 5 in Axes
  1474 | D:2      | Reached XP level 3. HP: 29/31 MP: 2/2
  1637 | D:2      | Found Eneicke's Magic Scroll Shoppe.
  1645 | D:2      | Bought a scroll of blinking for 90 gold pieces
  1645 | D:2      | Bought a scroll of fog for 48 gold pieces
  2044 | D:2      | Bought a scroll of teleportation for 36 gold pieces
  2106 | D:3      | Found an ornate altar of the Wu Jian Council.
  2934 | D:4      | Noticed a lemure
  2934 | D:4      | Noticed a lemure
  2934 | D:4      | Noticed a lemure
  2934 | D:4      | Noticed a lemure
  2936 | D:4      | Noticed Pikel
  2996 | D:4      | Reached skill level 6 in Axes
  2996 | D:4      | Reached XP level 4. HP: 36/39 MP: 3/3
  3166 | D:5      | Entered Level 5 of the Dungeon
  3173 | D:5      | Killed a lemure
  3352 | D:5      | Reached XP level 5. HP: 45/45 MP: 4/4
  3356 | D:5      | Reached skill level 7 in Axes
  3398 | D:5      | Noticed an ogre
  3408 | D:6      | Noticed a black bear
  3429 | D:6      | Reached skill level 8 in Axes
  3429 | D:6      | Reached XP level 6. HP: 42/51 MP: 5/5
  3429 | D:6      | Reached ** piety under Trog
  3534 | D:6      | Noticed a water moccasin
  3542 | D:6      | Killed a water moccasin
  3543 | D:6      | Reached skill level 9 in Axes
  3701 | D:6      | Reached XP level 7. HP: 11/57 MP: 6/6
  3881 | D:6      | Noticed a steam dragon
  4025 | D:6      | Killed a steam dragon
  4026 | D:6      | Reached skill level 10 in Axes
  4030 | D:6      | Noticed a troll
  4059 | D:6      | Reached skill level 11 in Axes
  4073 | D:6      | Killed a troll
  4074 | D:6      | Reached XP level 8. HP: 39/64 MP: 7/7
  4278 | D:6      | Reached skill level 12 in Axes
  4976 | D:7      | Found Xargh's Weapon Shoppe.
  4993 | D:7      | Reached skill level 13 in Axes
  5098 | D:7      | Found a transporter.
  5098 | D:7      | Noticed Zeo's ghost (amateur MiHu)
  5104 | D:7      | Identified the +7 dire flail of Liamp {holy, rElec rC+
                  | Str+3}
  5104 | D:7      | Noticed a two-headed ogre
  5117 | D:7      | Gained mutation: A frigid envelope surrounds you and
                  | freezes all who hurt you. [potion of mutation]
  5127 | D:7      | Reached skill level 5 in Fighting
  5127 | D:7      | Reached XP level 9. HP: 53/74 MP: 8/8
  5129 | D:7      | Found a transporter.
  5157 | D:7      | Found a flagged portal.
  5178 | Bailey   | Entered a bailey
  5376 | Bailey   | Reached skill level 1 in Shields
  5686 | Bailey   | Reached skill level 5 in Armour
  5732 | Bailey   | Reached skill level 14 in Axes
  5766 | Bailey   | Acquired a +2 crystal plate armour
  5778 | Bailey   | Noticed an orc knight
  6009 | D:7      | Reached *** piety under Trog
  6341 | D:5      | Noticed Sigmund
  6352 | D:5      | Killed Sigmund
  6429 | D:5      | Found a staircase to the Ecumenical Temple.
  6523 | D:5      | Noticed Ijyb
  6533 | D:5      | Killed Ijyb
  7131 | D:4      | Killed Pikel
  7132 | D:4      | Reached XP level 10. HP: 84/84 MP: 9/9
  7731 | D:8      | Reached skill level 15 in Axes
  8064 | D:8      | Reached skill level 5 in Shields
  8076 | D:8      | Found a staircase to the Lair.
  8081 | D:8      | Reached **** piety under Trog
  8702 | D:9      | Reached skill level 16 in Axes
  8728 | D:9      | Reached XP level 11. HP: 68/95 MP: 10/10
  8885 | D:9      | Noticed Maurice
  8896 | D:9      | Something stole a ring of protection from fire
  8900 | D:9      | Something stole 69 stones
  8900 | D:9      | Killed Maurice
  9086 | D:9      | Noticed a two-headed ogre
  9094 | D:9      | Killed a two-headed ogre
  9184 | D:9      | Found a snail-covered altar of Cheibriados.
  9418 | D:9      | Found an opulent altar of Gozag.
  9418 | D:9      | Found a faded altar of an unknown god.
  9426 | D:9      | Found a faded altar of an unknown god.
  9428 | D:9      | Found an iron altar of Okawaru.
  9430 | D:9      | Found an ancient bone altar of Kikubaaqudgha.
  9564 | D:9      | Reached ***** piety under Trog
  9690 | D:9      | Found Giruj's Assorted Antiques.
  9697 | D:9      | Bought a fuming golden potion for 23 gold pieces
  9697 | D:9      | Bought a scroll of identify for 52 gold pieces
  9735 | D:9      | Found a hide-covered altar of Uskayaw.
  9747 | D:9      | Found a glowing silver altar of Zin.
 10006 | D:10     | Entered Level 10 of the Dungeon
 10077 | D:10     | Identified the +2 ring mail of the Modern Mystics {-Cast
                  | Regen+ rCorr Dex+3}
 10263 | D:10     | Reached skill level 17 in Axes
 10407 | D:10     | Noticed a two-headed ogre
 10416 | D:10     | Killed a two-headed ogre
 10697 | D:10     | Noticed Joseph
 10707 | D:10     | Killed Joseph
 11451 | D:11     | Noticed a deep elf pyromancer
 11472 | D:11     | Reached skill level 18 in Axes
 11482 | D:11     | Killed a deep elf pyromancer
 11488 | D:11     | Reached skill level 10 in Fighting
 11591 | D:11     | Noticed a boulder beetle
 11646 | D:11     | Killed a boulder beetle
 11766 | D:11     | Noticed a white ugly thing
 11774 | D:11     | Killed a white ugly thing
 11775 | D:11     | Reached skill level 10 in Armour
 12157 | D:11     | Noticed a two-headed ogre
 12164 | D:11     | Killed a two-headed ogre
 12165 | D:11     | Reached XP level 12. HP: 81/108 MP: 11/11
 12773 | Lair:1   | Entered Level 1 of the Lair of Beasts
 13180 | Lair:1   | Noticed a five-headed hydra
 13195 | Lair:1   | Killed a five-headed hydra
 13203 | Lair:1   | Identified the ring "Atiul" {Will+ rCorr MP+9 Int+7 Dex+3}
 13347 | Lair:1   | Noticed a catoblepas
 13361 | Lair:1   | Killed a catoblepas
 13541 | Lair:1   | Noticed Grum
 13553 | Lair:1   | Killed Grum
 14332 | Lair:2   | Noticed a seven-headed hydra
 14340 | Lair:2   | Killed a seven-headed hydra
 14340 | Lair:2   | Received a gift from Trog
 14341 | Lair:2   | Reached XP level 13. HP: 123/123 MP: 12/12
 14436 | Lair:2   | Found a staircase to the Shoals.
 14566 | Lair:2   | Found a hole to the Spider Nest.
 16112 | Lair:3   | Reached skill level 15 in Fighting
 16180 | Lair:3   | Reached skill level 15 in Armour
 16674 | Lair:4   | Reached skill level 19 in Axes
 16872 | Lair:4   | Noticed Nessos
 16882 | Lair:4   | Killed Nessos
 17008 | Lair:4   | Noticed Josephine
 17020 | Lair:4   | Killed Josephine
 17405 | D:12     | Found a runed translucent gate.
 17405 | D:12     | Found a runed translucent gate.
 17405 | D:12     | Found a runed translucent gate.
 17406 | D:12     | Noticed MollyMolluskus's ghost (journeyman OpFi)
 17409 | D:12     | Noticed a storm dragon
 17459 | D:12     | Received a gift from Trog
 17476 | D:12     | Reached XP level 14. HP: 110/135 MP: 13/13
 17560 | D:12     | Found Ukhlies's Mayhem Merchandise.
 17579 | D:12     | Bought a +0 executioner's axe for 170 gold pieces
 17818 | D:12     | Reached skill level 20 in Axes
 18387 | D:12     | Found a staircase to the Orcish Mines.
 18500 | D:12     | Killed a storm dragon
 18518 | D:12     | Killed MollyMolluskus's ghost
 18566 | D:12     | Acquired 1255 gold pieces
 18762 | Orc:1    | Entered Level 1 of the Orcish Mines
 19011 | Orc:1    | Noticed Snorg
 19018 | Orc:1    | Killed Snorg
 19019 | Orc:1    | Reached skill level 21 in Axes
 19277 | Orc:2    | Entered Level 2 of the Orcish Mines
 19673 | Orc:2    | Found a staircase to the Elven Halls.
 19719 | Orc:2    | Received a gift from Trog
 19740 | Orc:2    | Reached skill level 22 in Axes
 19759 | Orc:2    | Noticed an orc warlord
 19894 | Orc:2    | Killed an orc warlord
 20268 | Orc:2    | Found Veycuc's Distillery.
 20268 | Orc:2    | Found Meuniosch's Book Shoppe.
 20269 | Orc:2    | Found Baessole's Antique Weapon Shoppe.
 20269 | Orc:2    | Found Fycvihoh's Antique Armour Boutique.
 20277 | Orc:2    | Bought a potion of curing for 51 gold pieces
 20277 | Orc:2    | Bought a potion of heal wounds for 85 gold pieces
 20277 | Orc:2    | Bought a potion of lignification for 51 gold pieces
 20277 | Orc:2    | Bought a potion of resistance for 170 gold pieces
 20945 | Lair:5   | Entered Level 5 of the Lair of Beasts
 21088 | Lair:5   | Reached skill level 23 in Axes
 21098 | Lair:5   | Received a gift from Trog
 21354 | Lair:5   | Reached XP level 15. HP: 95/141 MP: 14/14
 21505 | Lair:5   | Found a stormy altar of Qazlal.
 21600 | Lair:5   | Found a viscous altar of Jiyva.
 21601 | Lair:5   | Found a staircase to the Slime Pits.
 21977 | Lair:5   | Reached skill level 24 in Axes
 22046 | Lair:5   | Reached skill level 1 in Evocations
 22264 | Lair:5   | Found a corrupted altar of Lugonu.
 22264 | Lair:5   | Found a one-way gate to the infinite horrors of the Abyss.
 22411 | Lair:5   | Noticed Urug
 22415 | Lair:5   | Killed Urug
 23370 | D:13     | Received a gift from Trog
 23641 | D:13     | Found a gate to the Vaults.
 23648 | D:13     | Reached skill level 5 in Evocations
 24867 | D:15     | Entered Level 15 of the Dungeon
 25073 | D:15     | Found a staircase to the Depths.
 25639 | D:15     | Received a gift from Trog
 25662 | D:15     | Reached ****** piety under Trog
 25724 | D:15     | Reached XP level 16. HP: 141/151 MP: 15/15
 26041 | D:15     | Noticed Jorgrun
 26047 | D:15     | Killed Jorgrun
 26058 | D:15     | Reached skill level 5 in Dodging
 26325 | Spider:1 | Entered Level 1 of the Spider Nest
 26802 | Spider:1 | Identified the +9 arbalest "Ifrietuf" {drain, *Corrode rN+
                  | Will+ Int+4}
 27303 | Spider:1 | Received a gift from Trog
 28129 | Spider:1 | You fall into a shaft and drop 1 floor!
 28136 | Spider:2 | Noticed Asterion
 28146 | Spider:2 | HP: 5/155 [blizzard demon/bolt of cold[Asterion] (23)]
 28150 | Spider:2 | Slain by Asterion

Illustrated notes

Levels and vault maps discovered:
D:1:      dpeg_arrival_short_road, layout_loops_corners, serial_forest,
          infiniplex_forest_pool, infiniplex_forest_clump_small,
          infiniplex_forest_end_2, infiniplex_forest_clump_C,
          infiniplex_forest_clump_C, infiniplex_forest_clump_small,
          nicolae_ecumenical_lake_church
D:2:      layout_loops_ring, serial_shops, shop
D:3:      layout_basic, mainiacjoe_overflow_boulevard
D:4:      layout_rooms, minmay_misc_feat_hallway,
          eino_small_chamber_without_monster, nrook_mini_backslash,
          chequers_decorated_corner, kennysheep_generic_room_12, uniq_pikel
D:5:      layout_basic, minmay_temple_entry_antechambers, uniq_ijyb,
          uniq_sigmund
D:6:      layout_rooms
D:7:      layout_cave_pools, gammafunk_ghost_smash, enter_bailey_3,
          serial_shops, nicolae_shop_statue_plus, minmay_misc_feat_four_crosses
D:8:      layout_basic, due_lair_maze_entry_diamond
D:9:      kennysheep_kobold_camp, layout_basic, slow_altar_1,
          amethyst_overflow_temple_binary, chequers_temple_overflow_minitemple,
          serial_shops, shop, uniq_maurice
D:10:     layout_layer_cave, uniq_joseph
D:11:     layout_basic, wad_rectangle_vault
D:12:     layout_loops_ring, david_orc_4, gammafunk_ghost_split,
          minmay_shop_mayhem
D:13:     minmay_wizard_corner, layout_cave_pools,
          hellmonk_vaults_attempted_burglary, serial_bayou,
          serial_bayou_shore_a, serial_bayou_ford_a, serial_bayou_pond_b,
          serial_bayou_lagoon_a
D:14:     layout_loops_ring
D:15:     grunt_enter_depths_magical_seal, layout_cave_pods,
          ebering_dispersal_statue_hall, drop_trap, minmay_microvault,
          uniq_jorgrun
Lair:1:   layout_chaotic_city, pdpol_lair_neglected_garden, minmay_holes,
          grunt_megastairs_4, lemuel_fruit_tree, serial_bayou_shore_b, uniq_grum
Lair:2:   layout_cellular_growth, mainiacjoe_shoals_entry_four_pools,
          spider_nest_entry_webs, hellmonk_talismancer, grunt_megastairs_5
Lair:3:   layout_loops_ring, grunt_megastairs_3
Lair:4:   layout_long_grid, hangedman_lair_unloving_vines, lemuel_fruit_fields,
          grunt_megastairs_2, uniq_josephine, uniq_nessos
Lair:5:   hellmonk_lair_end_abyssal_woods, layout_cave_pods, slime_entry_2,
          basic_altar, chequers_serial_rivers_micro_a, serial_bayou_shore_b,
          uniq_urug
Spider:1: nicolae_spider_hilbert_zone_3 [nicolae_spider_hilbert_4_sides_2_open,
          nicolae_spider_hilbert_3_sides_1_open,
          nicolae_spider_hilbert_3_sides_1_open,
          nicolae_spider_hilbert_3_sides_1_open,
          nicolae_spider_hilbert_3_sides_1_open,
          nicolae_spider_hilbert_4_sides_1_open,
          nicolae_spider_hilbert_4_sides_1_open,
          nicolae_spider_hilbert_4_sides_1_open,
          nicolae_spider_hilbert_4_sides_1_open,
          nicolae_spider_hilbert_4_sides_1_open,
          nicolae_spider_hilbert_4_sides_1_open,
          nicolae_spider_hilbert_4_sides_1_open,
          nicolae_spider_hilbert_4_sides_1_open,
          nicolae_spider_hilbert_3_sides_1_open,
          nicolae_spider_hilbert_3_sides_1_open,
          nicolae_spider_hilbert_3_sides_1_open,
          nicolae_spider_hilbert_3_sides_1_open], drop_trap
Spider:2: nicolae_spider_hall_of_the_moth_king, drop_trap, uniq_donald,
          uniq_asterion
Orc:1:    layout_caves, basic_altar, uniq_snorg
Orc:2:    st_orc_ogre_mass, layout_caves, minmay_orc_barracks

Skill      XL: |  1  2  3  4  5  6  7  8  9 10 11 12 13 14 15 16 |
---------------+-------------------------------------------------+-----
Axes           | 4 5 6 8 9 11 13 14 16 18 19 23 24 | 24.0
Fighting       | 5 6 8 10 13 15 16 17 | 17.5
Armour         | 4 6 8 10 13 15 16 17 | 17.5
Shields        | 4 5 |  5.0
Evocations     | 5 |  5.0
Dodging        | 4 6 |  6.6

Action                     |  1- 3 |  4- 6 |  7- 9 | 10-12 | 13-15 | 16-18 || total
---------------------------+-------+-------+-------+-------+-------+-------++-------
  Melee: Hand axe          |    71 |    44 |    25 |       |       |       ||   140
         Headbutt          |     6 |    10 |    35 |   100 |   172 |    41 ||   364
         Broad axe         |       |       |    46 |   182 |   195 |       ||   423
         Punch             |       |       |     2 |       |       |       ||     2
         War axe           |       |       |   117 |   259 |       |       ||   376
         Trident           |       |       |       |     8 |     4 |       ||    12
         Executioner's axe |       |       |       |       |   587 |   143 ||   730
  Throw: Stone             |     5 |     6 |     1 |    11 |     2 |       ||    25
 Invoke: Berserk           |       |     3 |     5 |     2 |     4 |       ||    14
         Trog's Hand       |       |       |     4 |     3 |    12 |     2 ||    21
         Brothers in Arms  |       |       |       |       |     2 |       ||     2
  Evoke: Wand              |       |       |       |     3 |     3 |     2 ||     8
         Lightning rod     |       |       |       |       |       |     6 ||     6
    Use: Scroll            |     9 |       |     5 |     3 |     6 |    10 ||    33
         Potion            |       |     2 |     3 |       |       |     2 ||     7
 Armour: Animal skin       |    26 |       |       |       |       |       ||    26
         Ring mail         |     9 |    22 |    46 |       |       |       ||    77
         Skin              |       |    40 |       |       |       |       ||    40
         Chain mail        |       |       |   132 |       |       |       ||   132
         Crystal plate arm |       |       |    67 |   400 |   790 |   253 ||  1510
  Dodge: Dodged            |    36 |    32 |   111 |    52 |   203 |    81 ||   515
  Block: Buckler           |       |       |    18 |   100 |    78 |       ||   196
